 Dungeon Crawl Stone Soup version 0.30-a0-996-ga6910c8ee8 (webtiles) character file.

Game seed: 9215875338983088603

77 Maxmaps the Trooper (level 4, -1/35 HPs)
             Began as a Demonspawn Monk on Apr 5, 2023.
             Slain by Terence
             ... wielding a +0 flail
              (9 damage)
             ... on level 2 of the Dungeon.
             The game lasted 00:01:19 (1090 turns).

Maxmaps the Trooper (Demonspawn Monk)               Turns: 1090, Time: 00:01:20

Health: -1/35      AC:  3    Str: 11    XL:     4   Next: 13%
Magic:  4/4        EV: 12    Int: 15    God:
Gold:   90         SH:  0    Dex: 16    Spells: 3/3 levels left

rFire   . . .      SeeInvis .      - Unarmed
rCold   . . .      Faith    .    (no shield)
rNeg    . . .      Spirit   .    f - +0 leather armour
rPois   .          Reflect  .    (no helmet)
rElec   .          Rampage  .    (no cloak)
rCorr   .                        (no gloves)
Will    .....                    (no boots)
Stlth   ++                       g - amulet of the acrobat
HPRegen 0.25/turn                (no ring)
MPRegen 0.09/turn                (no ring)

@: no status effects
A: spiny 2, big brain 1
a: no special abilities


You were on level 2 of the Dungeon.
You visited 1 branch of the dungeon, and saw 2 of its levels.

You collected 90 gold pieces.

Inventory:

Armour
 a - a +0 robe
 f - a +0 leather armour (worn)
Jewellery
 g - an amulet of the acrobat (around neck)
Scrolls
 c - a scroll of teleportation {unknown}
 d - a scroll of immolation {unknown}
 e - 2 scrolls of noise {unknown}
 h - a scroll of brand weapon {unknown}
 j - a scroll of vulnerability {unknown}
 k - a scroll of summoning {unknown}
 l - a scroll of fog {unknown}
 m - 2 scrolls of identify {unknown}
Potions
 i - a potion of degeneration {unknown}
 n - 2 potions of lignification {unknown}


   Skills:
 - Level 3.0 Fighting
 + Level 2.9 Armour
 - Level 3.0 Dodging
 - Level 1.7 Stealth
 - Level 3.0 Unarmed Combat


You had 3 spell levels left.
You didn't know any spells.
Your spell library contained the following spells:

 Spells                   Type           Power      Damage    Failure   Level
 Cigotuvi's Dreadful Rot  Necr/Pois/Air  0%         N/A       45%         2
 Poisonous Vapours        Pois/Air       0%         N/A       45%         2
 Gell's Gravitas          Tloc           0%         N/A       71%         3
 Mephitic Cloud           Conj/Pois/Air  0%         N/A       71%         3
 Summon Guardian Golem    Hex/Summ       0%         N/A       71%         3
 Teleport Other           Tloc           0%         N/A       71%         3
 Dispersal                Tloc           0%         N/A       100%        6
 Orb of Destruction       Conj           0%         9d5       100%        7
 Spellforged Servitor     Conj/Summ      0%         N/A       100%        7


Dungeon Overview and Level Annotations

Branches:
Dungeon (2/15)

Altars:

Shops:
D:2 =

Annotations:
D:2 Terence


Innate Abilities, Weirdness & Mutations

You are mostly covered in sharp spines.
You have an unusually large brain. (Int +2)


Message History

You hit Terence but do no damage.
Terence is lightly wounded.
Terence zaps a wand.
The puff of flame misses you.
You hit Terence but do no damage.
A bat comes into view.
Terence hits you with a +0 flail.
The bat moves out of view.
You hit Terence.
Terence is lightly wounded.
Terence hits you with a +0 flail!
You closely miss Terence.
Terence is lightly wounded.
Terence closely misses you.
You are confused.
You feel invigorated. Terence is struck by your spines.
Terence barely misses you.
You hit Terence.
Terence is heavily wounded.
Terence zaps a wand.
The puff of flame hits you!
You hit Terence but do no damage.
Terence is heavily wounded.
The bat hits you. Terence misses you.
You bump into the rock wall.
You feel less invigorated.
You feel less confused. The bat is struck by your spines.
You kill the bat!
Terence is struck by your spines. Terence hits you with a +0 flail.
You hit Terence but do no damage.
Terence is severely wounded.
Terence hits you with a +0 flail!
You hit Terence.
Terence is severely wounded.
Terence zaps a wand.
The puff of flame hits you!
You hit Terence but do no damage.
Terence is severely wounded.
Terence hits you with a +0 flail.
* * * LOW HITPOINT WARNING * * *
You closely miss Terence.
Terence is severely wounded.
Terence is struck by your spines. Terence hits you with a +0 flail!
You die...

#.#.....#.##..............
..........................
....####..................
.....#............#..####
..................##.##
......................##
..................†....#
###@...............##
##@.###............
##................
#...##...........
#...!...###...........
..####..# #........###
##.. #........#
###.#........# .#.########
#.#


You could see Terence.

Vanquished Creatures
  Jessica (D:2)
  An adder (D:2)
  A worm (D:2)
  5 endoplasms
  2 giant cockroaches
  4 goblins
  6 hobgoblins
  2 kobolds (D:1)
  2 quokkas
  4 ball pythons
  3 bats (D:2)
  2 frilled lizards
  4 rats
37 creatures vanquished.

Notes
Turn   | Place    | Note
-------+----------+-------------------------------------------
     0 | D:1      | Maxmaps the Demonspawn Monk began the quest for the Orb.
     0 | D:1      | Reached XP level 1. HP: 18/18 MP: 1/1
   276 | D:1      | Found a faded altar of an unknown god.
   317 | D:1      | Gained mutation: You are partially covered in sharp spines.
                  | [demonic ancestry]
   317 | D:1      | Reached XP level 2. HP: 22/24 MP: 2/2
   504 | D:1      | Reached skill level 1 in Armour
   833 | D:2      | Gained mutation: You have an unusually large brain. (Int
                  | +2) [demonic ancestry]
   833 | D:2      | Reached XP level 3. HP: 27/29 MP: 3/3
   898 | D:2      | Found Nueduock's Jewellery Shop.
   901 | D:2      | Noticed Jessica
   912 | D:2      | Killed Jessica
   955 | D:2      | Gained mutation: You are mostly covered in sharp spines.
                  | [demonic ancestry]
   955 | D:2      | Reached XP level 4. HP: 35/35 MP: 4/4
  1071 | D:2      | Noticed Terence
  1090 | D:2      | Slain by Terence

Illustrated notes

Levels and vault maps discovered:
D:1:      heliophobic_arrival_ceremonial_halls, layout_basic,
          ebering_ecumenical_altar_mist, dreamdust_princess_bridge
D:2:      layout_rooms, serial_shops, shop, basic_altar, uniq_jessica,
          uniq_terence

Skill      XL: |  1  2  3 |
---------------+----------+-----
Unarmed Combat | 3 |  3.0
Dodging        | 3 |  3.0
Armour         | 1 2 |  2.9
Fighting       | |  3.0
Stealth        | |  1.7

Action                     |  1- 3 |  4- 6 || total
---------------------------+-------+-------++-------
  Melee: Unarmed           |    73 |    20 ||    93
         Punch             |     1 |       ||     1
    Use: Potion            |       |     1 ||     1
   Stab: Sleeping          |     8 |       ||     8
 Armour: Robe              |     4 |       ||     4
         Leather armour    |     4 |     1 ||     5
  Dodge: Dodged            |    29 |    11 ||    40

Table legend: (Time is in decaauts)
 A = Elapsed time spent in this place.
 B = Non-inter-level travel time spent in this place.
 C = Inter-level travel time spent in this place.
 D = Time resting spent in this place.
 E = Time spent auto-exploring this place.
 F = Levels seen in this place.
 G = Mean time per level.
                   A        B        C        D        E       F      G
               +--------+--------+--------+--------+--------+-----+--------+
         Total |   1084 |   1060 |     24 |    104 |    687 |   2 |  542.0 |
       Dungeon |   1084 |   1060 |     24 |    104 |    687 |   2 |  542.0 |
               +--------+--------+--------+--------+--------+-----+--------+

Top non-repeatable levels by time:
     D:1: 782 daAuts
     D:2: 302 daAuts
